 Dungeon Crawl Stone Soup version 0.27.1 (webtiles) character file.

Game seed: 16386139700116210624

494 chaosape the Skirmisher (level 7, -3/60 HPs)
             Began as a Gnoll Wanderer on Aug 26, 2021.
             Was a Believer of Okawaru.
             Killed from afar by an electric eel (6 damage)
             ... with a bolt of electricity
             ... on level 4 of the Dungeon.
             The game lasted 00:23:53 (4402 turns).

chaosape the Skirmisher (Gnoll Wanderer)            Turns: 4402, Time: 00:23:54

Health: -3/60      AC: 10    Str: 12    XL:     7   Next: 15%
Magic:  15/15      EV:  6    Int: 11    God:    Okawaru [**....]
Gold:   114        SH:  0    Dex: 13    Spells: 16/17 levels left

rFire    . . .     SeeInvis .   B - +2 falchion (holy)
rCold    . . .     Faith    .   (no shield)
rNeg     . . .     Spirit   .   C - +0 chain mail
rPois    .         Reflect  .   (no helmet)
rElec    .         Harm     .   (no cloak)
rCorr    .         Rampage  .   h - +1 pair of gloves
Will     .....                  (no boots)
Stlth    ..........             t - amulet of magic regeneration
HPRegen  0.20/turn              (no ring)
MPRegen  0.39/turn              (no ring)

@: no status effects
A: fangs 1, strong nose, distributed training
a: Renounce Religion, Heroism


You were on level 4 of the Dungeon.
You worshipped Okawaru.
Okawaru was pleased with you.
You visited 1 branch of the dungeon, and saw 4 of its levels.

You collected 114 gold pieces.

Inventory:

Hand Weapons
 a - a +2 short sword
 i - a +1 short sword of venom
 p - a +0 morningstar
 q - a +0 arbalest
 r - a +0 club
 s - a +1 whip of freezing
 B - a +2 falchion of holy wrath (weapon)
Missiles
 d - 74 arrows
Armour
 c - a +0 robe
 h - a +1 pair of gloves (worn)
 j - a +2 robe of resistance
 n - a +0 ring mail
 o - a +0 ring mail
 v - a +0 ring mail
 C - a +0 chain mail (worn)
Magical Staves
 x - a staff of conjuration
Jewellery
 t - an amulet of magic regeneration (around neck)
Wands
 u - a wand of flame (20)
Scrolls
 e - 5 scrolls of identify {unknown}
 f - 3 scrolls of noise {unknown}
 g - a scroll of teleportation {unknown}
 y - a scroll of immolation {unknown}
 A - a scroll of amnesia {unknown}
Potions
 b - a potion of invisibility {unknown}
 k - a potion of attraction {unknown}
 l - a potion of haste {unknown}
 m - a potion of heal wounds {unknown}
 w - a potion of curing
 z - a potion of lignification


   Skills:
 + Level 7.0 Fighting
 + Level 5.1 Short Blades
 + Level 2.3 Long Blades
 + Level 2.3 Axes
 + Level 2.3 Maces & Flails
 + Level 2.3 Polearms
 + Level 2.3 Staves
 + Level 2.3 Slings
 + Level 2.3 Bows
 + Level 2.3 Crossbows
 + Level 3.5 Throwing
 + Level 2.3 Armour
 + Level 2.3 Dodging
 + Level 2.3 Stealth
 + Level 2.3 Shields
 + Level 2.3 Unarmed Combat
 + Level 5.5 Spellcasting
 + Level 2.8 Conjurations
 + Level 1.8 Hexes
 + Level 1.8 Summonings
 + Level 1.8 Necromancy
 + Level 1.8 Translocations
 + Level 1.8 Transmutations
 + Level 1.8 Fire Magic
 + Level 1.8 Ice Magic
 + Level 1.8 Air Magic
 + Level 1.8 Earth Magic
 + Level 1.8 Poison Magic
 + Level 2.5 Invocations
 + Level 3.5 Evocations


You had 16 spell levels left.
You knew the following spells:

 Your Spells              Type           Power      Damage    Failure   Level
a - Foxfire               Conj/Fire      32%        2x1d5     97%         1

Your spell library contained the following spells:

 Spells                   Type           Power      Damage    Failure   Level
 Gell's Gravitas          Tloc           3%         N/A       100%        3
 Inner Flame              Hex/Fire       7%         N/A       100%        3
 Lesser Beckoning         Tloc           3%         N/A       100%        3
 Teleport Other           Tloc           7%         N/A       100%        3


Dungeon Overview and Level Annotations

Branches:
Dungeon (4/15)
 Temple: D:4-7

Altars:
Okawaru
Qazlal

Shops:
D:3 *   D:4 *

Annotations:
D:3 1 runed translucent door, RascalDebosk's ghost, amateur DrBe
D:4 1 transporter


Innate Abilities, Weirdness & Mutations

You have very sharp teeth.
Your uncanny sense of smell can sniff out nearby items.
Your experience applies equally to all skills.


Message History

You hit the water moccasin skeleton.
The water moccasin skeleton convulses.
You destroy the water moccasin skeleton!
Okawaru accepts your kill.
Your Fighting skill increases to level 7!
Found a transporter.
There is a transporter here.
Partly explored, unvisited transporter.
Partly explored, unvisited transporter.
There is a transporter here.
You enter the transporter and appear at another place.
u - a wand of flame (20) (gained 12 charges)
There is a transporter landing site here.
You open the door.
The electric eel shoots out a bolt of lightning at you!
The bolt of electricity misses you. The bolt of electricity hits you!
There is an open door here.
The electric eel shoots out a bolt of lightning at you!
The bolt of electricity hits you!
The bolt of electricity hits the electric eel.
The electric eel completely resists.
The bolt of electricity hits the electric eel.
The electric eel completely resists.
The electric eel shoots out a bolt of lightning at you!
The bolt of electricity hits you!
The bolt of electricity hits the electric eel.
The electric eel completely resists.
The bolt of electricity misses the electric eel.
The electric eel shoots out a bolt of lightning at you!
The bolt of electricity hits you!
The electric eel shoots out a bolt of lightning at you!
The bolt of electricity hits you!
* * * LOW HITPOINT WARNING * * *
The bolt of electricity hits you!
* * * LOW HITPOINT WARNING * * *
The bolt of electricity hits the plant!
The plant begins to die.
The electric eel shoots out a bolt of lightning at you!
The bolt of electricity hits you!
* * * LOW HITPOINT WARNING * * *
The bolt of electricity hits you.
You die...

..# ..# ..#
..####################
..##.................#
..##.###############.#
..##.#8P#≈≈≈≈≈;;#P8#.##
.....#..#.......#..#..##
....©#©$+...♣...@.©#©..#
..#..#..#.......#..#...# ##
####.#8P#≈≈≈≈≈≈;#P8#...# #.
..##.###############..## #.
..##..................##########.
..######.......(.................
..# ###.########################
#### #......................#
†..# #.#...........#..#####.#


You could see 3 electric eels.

Vanquished Creatures
  A water moccasin (D:3)
  A water moccasin skeleton (D:4)
  An orc priest (D:4)
  A jelly (D:2)
  An iguana (D:2)
  Ijyb (D:4)
  Jessica (D:2)
  An orc wizard (D:4)
  Terence (D:3)
  3 gnolls (D:4)
  3 adders
  A worm (D:2)
  3 dart slugs
  3 orcs
  6 bats
  5 endoplasms
  4 giant cockroaches
  9 goblins
  5 hobgoblins
  4 jackals (D:1)
  3 quokkas
  10 ball pythons
  4 frilled lizards
  8 kobolds
  9 rats
89 creatures vanquished.

Vanquished Creatures (others)
  A bat (D:2)
1 creature vanquished.

Grand Total: 90 creatures vanquished

Notes
Turn   | Place    | Note
-------+----------+-------------------------------------------
     0 | D:1      | chaosape the Gnoll Wanderer began the quest for the Orb.
     0 | D:1      | chaosape set off with the following items: a +2 short
                  | sword, a potion of lignification, a +0 robe; and the
                  | following spell memorised: Foxfire; and the following
                  | spells available to memorise: Inner Flame
     0 | D:1      | Reached XP level 1. HP: 23/23 MP: 6/6
   223 | D:1      | Reached XP level 2. HP: 20/29 MP: 7/7
   483 | D:1      | Reached XP level 3. HP: 27/35 MP: 9/9
   551 | D:1      | Found a faded altar of an unknown god.
   557 | D:1      | Became a worshipper of Warmaster Okawaru
   557 | D:1      | Reached * piety under Okawaru
   594 | D:1      | Reached skill level 5 in Spellcasting
  1128 | D:2      | Reached skill level 1 in Invocations
  1179 | D:2      | Noticed Jessica
  1189 | D:2      | Killed Jessica
  1190 | D:2      | Reached skill level 1 in Long Blades
  1190 | D:2      | Reached skill level 1 in Axes
  1190 | D:2      | Reached skill level 1 in Maces & Flails
  1190 | D:2      | Reached skill level 1 in Polearms
  1190 | D:2      | Reached skill level 1 in Staves
  1190 | D:2      | Reached skill level 1 in Slings
  1190 | D:2      | Reached skill level 1 in Bows
  1190 | D:2      | Reached skill level 1 in Crossbows
  1190 | D:2      | Reached skill level 1 in Armour
  1190 | D:2      | Reached skill level 1 in Dodging
  1190 | D:2      | Reached skill level 1 in Stealth
  1190 | D:2      | Reached skill level 1 in Shields
  1190 | D:2      | Reached skill level 1 in Unarmed Combat
  1190 | D:2      | Reached XP level 4. HP: 39/41 MP: 11/11
  1311 | D:2      | Reached skill level 1 in Hexes
  1311 | D:2      | Reached skill level 1 in Summonings
  1311 | D:2      | Reached skill level 1 in Necromancy
  1311 | D:2      | Reached skill level 1 in Translocations
  1311 | D:2      | Reached skill level 1 in Transmutations
  1311 | D:2      | Reached skill level 1 in Fire Magic
  1311 | D:2      | Reached skill level 1 in Ice Magic
  1311 | D:2      | Reached skill level 1 in Air Magic
  1311 | D:2      | Reached skill level 1 in Earth Magic
  1311 | D:2      | Reached skill level 1 in Poison Magic
  1511 | D:2      | Reached XP level 5. HP: 38/47 MP: 12/12
  1924 | D:3      | Found a runed translucent door.
  1929 | D:3      | Noticed RascalDebosk's ghost (amateur DrBe)
  1996 | D:3      | Noticed a water moccasin
  2016 | D:3      | Killed a water moccasin
  2016 | D:3      | Reached ** piety under Okawaru
  2017 | D:3      | Reached XP level 6. HP: 35/53 MP: 14/14
  2221 | D:3      | Noticed Terence
  2231 | D:3      | Killed Terence
  2232 | D:3      | Reached skill level 5 in Short Blades
  2424 | D:3      | Found Gutuxtah's Assorted Antiques.
  2861 | D:4      | Found a transporter.
  3460 | D:4      | Found Qunaumie's Neck Hole.
  3929 | D:4      | Found a stormy altar of Qazlal.
  3949 | D:4      | Noticed Ijyb
  3965 | D:4      | Killed Ijyb
  3966 | D:4      | Reached XP level 7. HP: 34/59 MP: 15/15
  4376 | D:4      | Reached skill level 7 in Fighting
  4378 | D:4      | Found a transporter.
  4402 | D:4      | HP: 3/60 [electric eel/bolt of electricity (8)]
  4402 | D:4      | Killed from afar by an electric eel

Illustrated notes

Levels and vault maps discovered:
D:1:      matt_arrival_los_fun, layout_basic, ebering_ecumenical_altar_webs
D:2:      layout_basic, minmay_quantized, uniq_jessica
D:3:      layout_basic, serial_shops, nicolae_square_shop,
          ebering_ghost_reflecting_pool, hex_tiny, minmay_misc_feat_encased,
          uniq_terence
D:4:      gammafunk_steamed_eel, layout_basic, mainiacjoe_overflow_tiny_flanked,
          nicolae_shop_sticking_my_neck_out, uniq_ijyb

Skill      XL: |  1  2  3  4  5  6  7 |
---------------+----------------------+-----
Conjurations   | 2 |  2.8
Spellcasting   | 5 |  5.5
Invocations    | 1 2 |  2.5
Long Blades    | 1 2 |  2.3
Axes           | 1 2 |  2.3
Maces & Flails | 1 2 |  2.3
Polearms       | 1 2 |  2.3
Staves         | 1 2 |  2.3
Slings         | 1 2 |  2.3
Bows           | 1 2 |  2.3
Crossbows      | 1 2 |  2.3
Armour         | 1 2 |  2.3
Dodging        | 1 2 |  2.3
Stealth        | 1 2 |  2.3
Shields        | 1 2 |  2.3
Unarmed Combat | 1 2 |  2.3
Hexes          | 1 |  1.8
Summonings     | 1 |  1.8
Necromancy     | 1 |  1.8
Translocations | 1 |  1.8
Transmutations | 1 |  1.8
Fire Magic     | 1 |  1.8
Ice Magic      | 1 |  1.8
Air Magic      | 1 |  1.8
Earth Magic    | 1 |  1.8
Poison Magic   | 1 |  1.8
Throwing       | 3 |  3.5
Evocations     | 3 |  3.5
Short Blades   | 5 |  5.1
Fighting       | 7 |  7.0

Action                   |  1- 3 |  4- 6 |  7- 9 || total
-------------------------+-------+-------+-------++-------
Melee: Short sword       |    99 |   203 |     2 ||   304
       Bite              |     6 |    12 |     2 ||    20
       Punch             |     1 |       |       ||     1
       Falchion          |       |       |     7 ||     7
Invok: Heroism           |       |     5 |       ||     5
Evoke: Wand              |       |       |     2 ||     2
  Use: Potion            |       |     3 |       ||     3
 Stab: Sleeping          |       |     1 |       ||     1
Armor: Robe              |    46 |    31 |       ||    77
       Skin              |       |     6 |       ||     6
       Ring mail         |       |    34 |       ||    34
       Chain mail        |       |       |     3 ||     3
Dodge: Dodged            |    71 |   112 |     4 ||   187
